 Dungeon Crawl Stone Soup version 0.30-b1-2-g02819fbbbe (webtiles) character file.

Game seed: 14514308456746002131

28 sanka the Firebug (level 2, -3/26 HPs)
             Began as a Draconian Cinder Acolyte on May 5, 2023.
             Was a High Priest of Ignis.
             Slain by Sigmund
             ... wielding a +0 scythe
              (10 damage)
             ... on level 2 of the Dungeon.
             The game lasted 00:02:21 (1202 turns).

sanka the Firebug (Draconian Cinder Acolyte)        Turns: 1202, Time: 00:02:21

Health: -3/26      AC:  4    Str: 16    XL:     2   Next: 96%
Magic:  2/5        EV: 11    Int: 14    God:    Ignis [*****.]
Gold:   111        SH:  0    Dex:  6    Spells: 3/5 levels left

rFire   + .          .
                       - Unarmed
rCold   . . .        (no shield)
rNeg    . . .        (body armour unavailable)
rPois   .            (helmet restricted)
rElec   .            (no cloak)
rCorr   .            (no gloves)
SInv    .            (no boots)
Will    .....        (no amulet)
Stlth   +            (no ring)
HPRegen 0.24/turn    (no ring)
MPRegen 0.09/turn

%: no passive effects
@: confused, mighty
A: AC +4, unfitting armour, cold-blooded
a: Renounce Religion, Fiery Armour, Foxfire Swarm, Rising Flame


You were on level 2 of the Dungeon.
You worshipped Ignis.
Ignis was extremely pleased with you.
You visited 1 branch of the dungeon, and saw 2 of its levels.

You collected 111 gold pieces.

Inventory:

Missiles
 f - 6 poisoned darts
Jewellery
 g - a ring of wizardry
Scrolls
 b - a scroll of identify {unknown}
 c - 2 scrolls of noise {unknown}
 d - a scroll of poison {unknown}
 e - a scroll of silence {unknown}


   Skills:
 - Level 3.2 Fighting
 - Level 3.0 Unarmed Combat
 - Level 2.0 Spellcasting
 + Level 3.6 Fire Magic


You had 3 spell levels left.
You knew the following spells:

 Your Spells              Type           Power      Damage    Failure   Level
a - Scorch                Fire           22%        2d5       8%          2

Your spell library contained the following spells:

 Spells                   Type           Power      Damage    Failure   Level
 Apportation              Tloc           2%         N/A       24%         1
 Necrotise                Necr           4%         1d4       24%         1
 Summon Small Mammal      Summ           4%         N/A       24%         1


Dungeon Overview and Level Annotations

Branches:
Dungeon (2/15)

Altars:

Annotations:
D:2 Sigmund


Innate Abilities, Weirdness & Mutations

Your plain brown scales are hard. (AC +4)
You cannot fit into any form of body armour.
You are cold-blooded and may be slowed by cold attacks.


Message History

Something tries to affect you, but you resist.
Casting: Scorch (safe; 8% risk of failure)
Confirm with . or Enter, or press ? or * to list all spells.
Flames lash something.
A puff of flame appears from out of thin air!
The puff of flame hits you. You resist.
You are confused.
You bump into the rock wall.
You bump into the rock wall.
Something hits you but does no damage. Something hits you.
You bump into the rock wall.
You hear some strange, mumbled words.
You are more confused.
You bump into the rock wall.
You hear some strange, mumbled words.
A puff of flame appears from out of thin air!
The puff of flame hits you. You resist.
You hear some strange, mumbled words.
You are more confused.
A puff of flame appears from out of thin air!
The puff of flame misses you.
You bump into the rock wall.
You are more confused.
Sigmund appears from thin air!
Reactivating autopickup.
Sigmund gestures at you while chanting.
You are more confused.
Sigmund points at you and mumbles some strange words.
The puff of flame hits you. You resist.
You bump into the rock wall.
Sigmund hits you from afar with a +0 scythe.
* * * LOW HITPOINT WARNING * * *
You bump into the rock wall.
Sigmund misses you.
Unknown command.
It was a potion of might.
You feel very mighty all of a sudden.
You bump into the rock wall.
Sigmund hits you from afar with a +0 scythe!
You die...

#.###.# #...# #.##).#
#...# #.##.## #...#
#.##.#######.#####
#######........###.#...#
.............<.........#
.#######.##........#...#
#.##.......###.##
#@##........# ...
#.....[..##.# ###
#.@......# .##
###.####..... #.#
####.### #.# .....#
##.## ....># #...#
.....# #...####.....#


You could see Sigmund.

Vanquished Creatures
  A dart slug (D:1)
  3 endoplasms
  2 giant cockroaches
  3 goblins (D:2)
  2 hobgoblins
  A kobold (D:1)
  4 ball pythons
  4 bats
  3 frilled lizards (D:1)
  A rat (D:1)
24 creatures vanquished.

Notes
Turn   | Place    | Note
-------+----------+-------------------------------------------
     0 | D:1      | sanka the Draconian Cinder Acolyte began the quest for the
                  | Orb.
     0 | D:1      | Reached XP level 1. HP: 19/19 MP: 2/2
   172 | D:1      | Found a faded altar of an unknown god.
   262 | D:1      | Reached XP level 2. HP: 25/26 MP: 2/4
   265 | D:1      | Learned a level 2 spell: Scorch
  1141 | D:2      | Noticed Sigmund
  1202 | D:2      | Slain by Sigmund

Illustrated notes

Levels and vault maps discovered:
D:1:      erik_arrival_orb_chamber, layout_loops_ring,
          ebering_ecumenical_altar_sacrificial
D:2:      layout_loops_cross, grunt_ministairs_3, nicolae_grassy_gnolls,
          uniq_sigmund

Skill      XL: |  1  2 |
---------------+-------+-----
Spellcasting   | 2 |  2.0
Fighting       | |  3.2
Unarmed Combat | |  3.0
Fire Magic     | |  3.6

Action                     || total
---------------------------++-------
  Melee: Unarmed           ||    69
         Tailslap          ||     7
         Punch             ||     2
  Throw: Dart              ||     2
   Cast: Scorch            ||     4
    Use: Potion            ||     1
 Armour: Skin              ||    25
  Dodge: Dodged            ||    43
